 Dungeon Crawl Stone Soup version 0.27-a0-1154-gfdeffcb720 (webtiles) character file.

Game seed: 14574379469760419252

5669 HoaS the Impaler (level 10, -1/56 HPs)
             Began as a Tengu Berserker on May 14, 2021.
             Was a High Priest of Trog.
             Slain by a boulder beetle (9 damage)
             ... on level 10 of the Dungeon.
             The game lasted 00:16:42 (8766 turns).

HoaS the Impaler (Tengu Berserker)                  Turns: 8766, Time: 00:16:43

Health: -1/56      AC: 18    Str: 22    XL:     10   Next: 75%
Magic:  11/11      EV: 14    Int:  7    God:    Trog [*****.]
Gold:   1719       SH:  0    Dex: 13    Spells: 9/9 levels left

rFire    . . .     SeeInvis .   g - +2 glaive (protect)
rCold    + . .     Faith    .   (shield currently unavailable)
rNeg     . . .     Spirit   .   q - +0 acid dragon scales
rPois    .         Reflect  .   (helmet restricted)
rElec    .         Harm     .   o - +1 cloak
rCorr    +         Rampage  .   a - +2 pair of gloves
Will     .....                  (boots unavailable)
Stlth    +.........             (no amulet)
HPRegen  0.18/turn              e - ring of protection from cold
MPRegen  0.12/turn              (no ring)

@: under a protective aura, on berserk cooldown, flying quickly and evasively,
slowed, very slow
A: beak, talons 3, nimble flight
a: Renounce Religion, Berserk, Trog's Hand, Brothers in Arms


You were on level 10 of the Dungeon.
You worshipped Trog.
Trog was extremely pleased with you.
You visited 1 branch of the dungeon, and saw 10 of its levels.
You also visited: Sewer.

You collected 1719 gold pieces.

Inventory:

Hand Weapons
 g - a +2 glaive of protection (weapon)
Missiles
 i - 5 atropa-tipped darts
 m - 4 curare-tipped darts
Armour
 a - a +2 pair of gloves (worn)
 o - a +1 cloak (worn)
 q - +0 acid dragon scales (worn)
Jewellery
 d - a ring of resist corrosion
 e - a ring of protection from cold (left hand)
 h - a ring of ice
 x - a ring of protection from cold
Wands
 f - a wand of paralysis (5)
 n - a wand of acid (6) (quivered)
 r - a wand of charming (17)
 s - a wand of polymorph (3)
 v - a wand of iceblast (4)
Scrolls
 j - 2 scrolls of teleportation
 t - 2 scrolls of noise
 u - a scroll of fear
 w - a scroll of magic mapping
 y - a scroll of enchant armour
Potions
 b - 7 potions of curing
 c - 2 potions of heal wounds
 k - a potion of might
 l - a potion of mutation
 p - a potion of haste


   Skills:
 - Level 3.0 Fighting
 + Level 16.3 Polearms
 - Level 2.1 Armour
 - Level 2.1 Dodging


You had 9 spell levels left.
You didn't know any spells.
Your spell library was empty.

Dungeon Overview and Level Annotations

Branches:
Dungeon (10/15)            Temple (0/1) D:4           Sewer (visited)
   Lair: D:8-11         Orc: D:9-12

Altars:
Cheibriados
Kikubaaqudgha
Sif Muna
Yredelemnul
Zin

Annotations:
D:7 2 transporters
D:9 3 runed translucent doors, SockSock's ghost, novice DrCj


Innate Abilities, Weirdness & Mutations

You have a beak for a mouth.
You have claws for feet.
Your magical nature lets you fly swiftly and evasively.


Message History

You completely miss the two-headed ogre.
You claw the two-headed ogre!
The two-headed ogre is heavily wounded.
You barely miss the two-headed ogre.
The two-headed ogre is heavily wounded.
The two-headed ogre barely misses you. The two-headed ogre closely misses you.
You completely miss the two-headed ogre.
You claw the two-headed ogre!
The two-headed ogre is heavily wounded.
You slice the two-headed ogre!! You claw the two-headed ogre!
You peck the two-headed ogre.
You kill the two-headed ogre!
Trog accepts your kill. The boulder beetle closely misses you.
The boulder beetle stops rolling and uncurls.
Your Polearms skill increases to level 16!
Things that are here:
a +0 giant spiked club; a +0 giant club You slash the boulder beetle!
Your kick misses the boulder beetle.
The boulder beetle is lightly wounded.
The boulder beetle leaps!
You feel a strong urge to attack something.
You are no longer berserk.
You are exhausted.
You feel yourself slow down.
You see here 23 stones.
The boulder beetle bites you.
Your acid dragon scales prevents you from hitting the boulder beetle.
You claw the boulder beetle, but do no damage.
You peck the boulder beetle, but do no damage.
The boulder beetle is lightly wounded.
The boulder beetle waves its antennae.
The boulder beetle bites you!
* * * LOW HITPOINT WARNING * * *
You hit the boulder beetle but do no damage.
You claw the boulder beetle, but do no damage.
You peck the boulder beetle, but do no damage.
The boulder beetle is lightly wounded.
The boulder beetle bites you!
You die...

#### ... ./#####
# #.#...# .#
#.....##.# .#
#.###.)......#...
#...............
#####...(...#.#
###..@###.#
#####.....B....#
#...........#..#
#.#########.# #
#.# .# #.# .#
########.# .
......†..# .
#######..#


You could see a boulder beetle.

Vanquished Creatures
  2 two-headed ogres (D:10)
  Maggie (D:7)
  A troll (D:7)
  4 yaks (D:9)
  A steam dragon (D:8)
  2 water moccasins
  A sky beast (D:7)
  An orc warrior (D:9)
  A necrophage (D:5)
  An ogre (D:6)
  3 centaurs
  3 kobold brigands
  2 bullfrogs (D:7)
  A wyvern zombie (D:6)
  2 scorpions (D:5)
  5 howler monkeys
  14 wights
  6 crimson imps (D:8)
  4 bullfrog skeletons
  A hound (D:5)
  3 orc priests
  A jelly (D:4)
  6 iguanas
  4 orc wizards
  2 killer bee zombies
  3 hound skeletons (D:4)
  A mummy (D:5)
  A howler monkey zombie (D:8)
  A gnoll (D:1)
  A river rat (Sewer)
  5 adders
  2 shadow imps
  3 white imps (D:8)
  An ufetubus (D:6)
  4 worms
  4 dart slugs
  27 orcs
  6 endoplasms
  5 giant cockroaches
  8 goblins
  3 hobgoblins
  18 jackals
  19 kobolds
  3 quokkas
  8 ball pythons
  4 bats
  10 frilled lizards
  11 rats
220 creatures vanquished.

Notes
Turn   | Place    | Note
-------+----------+-------------------------------------------
     0 | D:1      | HoaS the Tengu Berserker began the quest for the Orb.
     0 | D:1      | Reached XP level 1. HP: 14/14 MP: 2/2
   187 | D:1      | Reached XP level 2. HP: 19/19 MP: 3/3
   238 | D:1      | Reached skill level 4 in Polearms
   455 | D:1      | Reached XP level 3. HP: 12/23 MP: 4/4
   631 | D:1      | Found a faded altar of an unknown god.
   896 | D:2      | Reached skill level 5 in Polearms
   943 | D:2      | Reached XP level 4. HP: 25/28 MP: 5/5
   951 | D:2      | Reached ** piety under Trog
  1611 | D:3      | Reached skill level 6 in Polearms
  1816 | D:3      | Gained mutation: Your magical nature lets you fly swiftly
                  | and evasively. [Tengu growth]
  1816 | D:3      | Reached XP level 5. HP: 17/32 MP: 6/6
  1818 | D:3      | HP: 1/32 [orc priest/divine providence (7)]
  2434 | D:4      | Reached *** piety under Trog
  2441 | D:4      | Reached skill level 7 in Polearms
  2457 | D:4      | Reached XP level 6. HP: 37/37 MP: 7/7
  2493 | D:4      | Found a glowing drain.
  2501 | Sewer    | Entered a sewer
  2603 | Sewer    | Reached skill level 8 in Polearms
  2769 | Sewer    | Found a white marble altar of Elyvilon.
  3186 | D:4      | Found a staircase to the Ecumenical Temple.
  3459 | D:4      | Reached XP level 7. HP: 39/41 MP: 8/8
  3483 | D:4      | Reached **** piety under Trog
  3484 | D:4      | Reached skill level 9 in Polearms
  3717 | D:4      | Identified a scroll of acquirement
  3717 | D:4      | Acquired a +2 glaive of protection
  3787 | D:5      | Entered Level 5 of the Dungeon
  3819 | D:5      | Found a snail-covered altar of Cheibriados.
  3955 | D:5      | Reached skill level 10 in Polearms
  3955 | D:5      | Reached XP level 8. HP: 25/46 MP: 9/9
  4293 | D:5      | Found a shimmering blue altar of Sif Muna.
  4544 | D:5      | Reached skill level 11 in Polearms
  4897 | D:6      | Found a glowing silver altar of Zin.
  5730 | D:7      | Found a transporter.
  5798 | D:7      | Noticed Maggie
  5807 | D:7      | Killed Maggie
  5808 | D:7      | Reached skill level 12 in Polearms
  5808 | D:7      | Reached XP level 9. HP: 29/50 MP: 10/10
  6061 | D:7      | Reached skill level 13 in Polearms
  6322 | D:7      | Found a transporter.
  6356 | D:7      | Noticed a troll
  6367 | D:7      | Killed a troll
  7002 | D:7      | Acquired 831 gold pieces
  7186 | D:8      | Reached skill level 14 in Polearms
  7198 | D:8      | Reached ***** piety under Trog
  7587 | D:8      | Reached XP level 10. HP: 30/56 MP: 11/11
  7791 | D:8      | Found a basalt altar of Yredelemnul.
  7986 | D:9      | Reached skill level 15 in Polearms
  8220 | D:9      | Found a runed translucent gate.
  8222 | D:9      | Found a runed translucent gate.
  8222 | D:9      | Noticed a spectral centaur warrior
  8222 | D:9      | Noticed SockSock's ghost (novice DrCj)
  8223 | D:9      | Found a runed translucent gate.
  8225 | D:9      | Noticed a spectral centaur warrior
  8292 | D:9      | Found an ancient bone altar of Kikubaaqudgha.
  8579 | D:10     | Entered Level 10 of the Dungeon
  8691 | D:10     | Noticed a two-headed ogre
  8698 | D:10     | Killed a two-headed ogre
  8747 | D:10     | Noticed a two-headed ogre
  8752 | D:10     | Noticed a boulder beetle
  8759 | D:10     | Killed a two-headed ogre
  8760 | D:10     | Reached skill level 16 in Polearms
  8766 | D:10     | Slain by a boulder beetle

Illustrated notes

Levels and vault maps discovered:
D:1:      dpeg_arrival_rhombus, layout_basic, chequers_ecumenical_altar_lobes
D:2:      layout_basic, minivault_4, minmay_misc_feat_five,
          minmay_misc_feat_more_columns, minmay_lizard_pond
D:3:      layout_loops_ring
D:4:      layout_basic, minmay_temple_entry_purple_smoke, portal_sewer_entry_e
D:5:      layout_gridville, lemuel_coloured_pillars_altar, slow_altar_1,
          minmay_misc_feat_cross
D:6:      layout_layer_cave, nicolae_overflow_hidden_temple,
          minmay_misc_feat_four_crosses
D:7:      gammafunk_steamed_eel, layout_basic, uniq_maggie
D:8:      layout_basic, amcnicky_altar_gilded, minmay_nine_imps
D:9:      layout_roguey, kennysheep_mini_moat, gammafunk_ghost_necromancy,
          serial_glass, glass_columns_a, glass_columns_b
D:10:     layout_loops_ring, lemuel_tele_altar, chequers_serial_rivers_micro_b,
          grunt_decor_resistance

Skill      XL: |  1  2  3  4  5  6  7  8  9 10 |
---------------+-------------------------------+-----
Polearms       | 4 5 6 7 8 10 12 14 16 | 16.3
Fighting       | |  3.0
Armour         | |  2.1
Dodging        | |  2.1

Action                   |  1- 3 |  4- 6 |  7- 9 | 10-12 || total
-------------------------+-------+-------+-------+-------++-------
Melee: Spear             |    72 |    17 |       |       ||    89
       Kick              |    14 |    29 |    54 |    22 ||   119
       Peck              |     7 |    25 |    41 |    13 ||    86
       Trident           |       |   145 |    19 |       ||   164
       Glaive            |       |       |   256 |    77 ||   333
Invok: Berserk           |       |       |     1 |     1 ||     2
Evoke: Wand              |       |       |     1 |     3 ||     4
  Use: Scroll            |     3 |     2 |    12 |     2 ||    19
       Potion            |       |       |     1 |       ||     1
 Stab: Sleeping          |     2 |       |       |       ||     2
Armor: Animal skin       |     3 |       |       |       ||     3
       Ring mail         |    13 |     6 |       |       ||    19
       Chain mail        |       |    36 |   138 |       ||   174
       Acid dragon scale |       |       |    41 |    20 ||    61
Dodge: Dodged            |    17 |    47 |   200 |    42 ||   306

Table legend: (Time is in decaauts)
 A = Elapsed time spent in this place.
 B = Non-inter-level travel time spent in this place.
 C = Inter-level travel time spent in this place.
 D = Time resting spent in this place.
 E = Time spent auto-exploring this place.
 F = Levels seen in this place.
 G = Mean time per level.
                   A        B        C        D        E       F      G
               +--------+--------+--------+--------+--------+-----+--------+
         Total |   8337 |   7974 |    363 |   2030 |   4678 |  11 |  757.9 |
       Dungeon |   8047 |   7684 |    363 |   1883 |   4602 |  10 |  804.7 |
         Sewer |    290 |    290 |      0 |    147 |     75 |   1 |  290.0 |
               +--------+--------+--------+--------+--------+-----+--------+

Top non-repeatable levels by time:
     D:7: 1225 daAuts
     D:4: 1064 daAuts
     D:5: 923 daAuts
     D:8: 905 daAuts
     D:6: 897 daAuts
     D:3: 862 daAuts
     D:1: 828 daAuts
     D:2: 605 daAuts
     D:9: 568 daAuts
   Sewer: 290 daAuts
    D:10: 166 daAuts
